 Dungeon Crawl Stone Soup version 0.27.1-1-g398f81649c (webtiles) character file.

Game seed: 6276426707291347236

56 nxtlvl the Firebug (level 4, 0/30 HPs)
             Began as a Formicid Fire Elementalist on Sept 8, 2021.
             Splashed by Robin's acid (8 damage)
             ... on level 4 of the Dungeon.
             The game lasted 00:11:13 (1058 turns).

nxtlvl the Firebug (Formicid Fire Elementalist)     Turns: 1058, Time: 00:11:14

Health: 0/30       AC:  1    Str: 13    XL:     4   Next: 17%
Magic:  0/16       EV: 11    Int: 15    God:
Gold:   111        SH:  0    Dex: 11    Spells: 6/7 levels left

rFire    . . .     SeeInvis +   a - +0 dagger
rCold    . . .     Faith    .   (no shield)
rNeg     . . .     Spirit   .   c - +0 leather armour
rPois    .         Reflect  .   (helmet unavailable)
rElec    .         Harm     .   (no cloak)
rCorr    .         Rampage  .   d - +0 pair of gloves
Will     .....                  e - +0 pair of boots
Stlth    ++........             (no amulet)
HPRegen  0.10/turn              b - ring of magical power
MPRegen  0.15/turn              (no ring)

@: corroded
A: permanent stasis, dig shafts and tunnels, antennae 3, four strong arms
a: Dig, Shaft Self


You were on level 4 of the Dungeon.
You visited 1 branch of the dungeon, and saw 4 of its levels.

You collected 111 gold pieces.

Inventory:

Hand Weapons
 a - a +0 dagger (weapon)
 q - a +0 hunting sling
Armour
 c - a +0 leather armour (worn)
 d - a +0 pair of gloves (worn)
 e - a +0 pair of boots (worn)
Magical Staves
 i - a staff of poison
Jewellery
 b - a ring of magical power (left hand)
Scrolls
 h - a scroll of immolation {unknown}
 j - a scroll of fear {unknown}
 l - a scroll of teleportation {unknown}
 n - 4 scrolls of identify {unknown}
Potions
 f - 2 potions of invisibility {unknown}
 g - a potion of magic {unknown}
 k - 2 potions of heal wounds {unknown}
 m - a potion of cancellation {unknown}
 o - a potion of resistance {unknown}
 p - a potion of flight {unknown}


   Skills:
 - Level 1.7 Dodging
 - Level 2.4 Stealth
 - Level 2.1 Spellcasting
 * Level 2.4 Conjurations
 * Level 3.9 Fire Magic


You had 6 spell levels left.
You knew the following spells:

 Your Spells              Type           Power      Damage    Failure   Level
z - Foxfire               Conj/Fire      44%        2x1d6     8%          1

Your spell library contained the following spells:

 Spells                   Type           Power      Damage    Failure   Level
 Conjure Flame            Conj/Fire      11%        6-21      22%         3
 Sting                    Tmut/Pois      4%         1d3       28%         1
 Inner Flame              Hex/Fire       7%         N/A       36%         3
 Poisonous Vapours        Pois/Air       2%         N/A       38%         2
 Sticky Flame             Conj/Fire      11%        2d3       58%         4
 Fireball                 Conj/Fire      5%         3d5       91%         5
 Olgreb's Toxic Radiance  Pois           1%         N/A       95%         4


Dungeon Overview and Level Annotations

Branches:
Dungeon (4/15)
 Temple: D:4-7

Altars:
Sif Muna

Annotations:
D:4 Robin


Innate Abilities, Weirdness & Mutations

You cannot be hasted, slowed, berserked, paralysed or teleported.
You can dig through walls and to a lower floor.
You have a pair of large antennae on your head. (SInv)
Your four strong arms can wield two-handed weapons with a shield.


Message History

Casting: Foxfire (safe; 8% risk of failure)
Confirm with . or Enter, or press ? or * to list all spells.
You conjure some foxfire!
The foxfire hits Robin but does no damage.
Robin is moderately wounded.
Unknown command.
Casting: Foxfire (safe; 8% risk of failure)
Confirm with . or Enter, or press ? or * to list all spells.
You conjure some foxfire!
The foxfire hits Robin.
Robin is heavily wounded.
The foxfire hits Robin.
Robin is heavily wounded.
The foxfire hits Robin but does no damage.
Robin is heavily wounded.
Casting: Foxfire (safe; 8% risk of failure)
Confirm with . or Enter, or press ? or * to list all spells.
You conjure some foxfire!
The foxfire hits Robin but does no damage.
Robin is heavily wounded.
The foxfire hits Robin but does no damage.
Robin is heavily wounded.
Casting: Foxfire (safe; 8% risk of failure)
Confirm with . or Enter, or press ? or * to list all spells.
You conjure some foxfire!
The foxfire hits Robin but does no damage.
Robin is heavily wounded.
The foxfire hits Robin.
Robin is heavily wounded.
You hit Robin but do no damage.
Robin is heavily wounded.
The foxfire hits Robin but does no damage.
Robin is heavily wounded.
The foxfire hits Robin but does no damage.
Robin is heavily wounded.
Robin hits you with a +2 mace of protection.
Robin zaps a wand.
The bolt of acid hits you!!
Ouch! That really hurt!
* * * LOW HITPOINT WARNING * * *
The acid corrodes you!
You are splashed with acid!
You die...

#...##........# ###.##.....#
#....<..## #......>.# #####
##..###.##
##...#####.###..####
#........#.........##...
#.......#............#
###....#....@..÷.........
####......#....§............
##............g..............
#.......[...................#
#..............(.............
#....#......................#
#######....................##
######......................
.{{.......................#.


You could see Robin.

Vanquished Creatures
  An adder skeleton (D:4)
  A dart slug (D:1)
  4 endoplasms
  A giant cockroach (D:2)
  6 hobgoblins
  3 jackals (D:4)
  2 quokkas (D:2)
  A ball python (D:4)
  4 bats (D:1)
  4 frilled lizards
  14 goblins
  2 kobolds
  A rat (D:2)
44 creatures vanquished.

Vanquished Creatures (others)
  141 foxfires
141 creatures vanquished.

Grand Total: 185 creatures vanquished

Notes
Turn   | Place    | Note
-------+----------+-------------------------------------------
     0 | D:1      | nxtlvl the Formicid Fire Elementalist began the quest for
                  | the Orb.
     0 | D:1      | Reached XP level 1. HP: 13/13 MP: 3/3
    21 | D:1      | Reached skill level 1 in Conjurations
    42 | D:1      | Found a faded altar of an unknown god.
   105 | D:1      | Reached XP level 2. HP: 19/19 MP: 4/5
   385 | D:2      | Reached XP level 3. HP: 24/24 MP: 6/6
   749 | D:3      | Found a shimmering blue altar of Sif Muna.
  1008 | D:4      | Reached XP level 4. HP: 30/30 MP: 5/7
  1008 | D:4      | Noticed Robin
  1058 | D:4      | Splashed by Robin's acid

Illustrated notes

Levels and vault maps discovered:
D:1:      dpeg_arrival_pond, layout_basic, shapermc_ecumenical_altar_gd,
          serial_shops, nicolae_shop_temple_entry_statues_fountains,
          minmay_misc_feat_plants
D:2:      layout_basic, kennysheep_big_empty_room, minmay_quantized
D:3:      layout_basic, mainiacjoe_overflow_alcove_2, serial_co_window_serial,
          co_window_paths_a, co_window_paths_b, co_window_of_opportunity_a,
          co_window_corner_a, co_window_paths_b, co_window_corner_a,
          co_window_of_opportunity_a, co_window_broadway_a, co_window_paths_c,
          co_window_unsneaky_path_d, co_window_of_opportunity_b,
          co_window_of_opportunity_b, co_window_cross_2, co_window_4corner_b,
          uniq_sigmund
D:4:      kennysheep_goblin_castle, layout_cave_pools,
          amethyst_overflow_temple_binary, kennysheep_cluttered_room,
          chequers_jeans, minmay_a_box_with_orc_wizards_in_it

Skill      XL: |  1  2  3 |
---------------+----------+-----
Conjurations   | 1 2 |  2.4
Dodging        | |  1.7
Stealth        | |  2.4
Spellcasting   | |  2.1
Fire Magic     | |  3.9

Action                   |  1- 3 |  4- 6 || total
-------------------------+-------+-------++-------
Melee: Dagger            |     8 |     1 ||     9
 Cast: Foxfire           |    73 |    12 ||    85
 Abil: Dig               |    17 |       ||    17
 Stab: Sleeping          |     1 |       ||     1
Armor: Leather armour    |     3 |     2 ||     5
Dodge: Dodged            |     8 |     1 ||     9
